 Dungeon Sprint DCSS version 0.29-a0-823-gc37b1572da (webtiles) character file.

Game seed: 16862762969197273593

38661 mhtbhm the Metallomancer (level 14, -2/82 HPs)
             Began as a Gargoyle Earth Elementalist on July 8, 2022.
             Was the Champion of Vehumet.
             Slain by an emperor scorpion (19 damage)
             ... in the Dungeon (Sprint IX: "|||||||||||||||||||||||||||||").
             The game lasted 00:19:56 (6291 turns).

mhtbhm the Metallomancer (GrEE)                     Turns: 6291, Time: 00:19:57

Health: -2/82      AC: 21    Str: 20    XL:     14   Next: 3%
Magic:  2/48       EV: 12    Int: 21    God:    Vehumet [******]
Gold:   742        SH:  0    Dex:  5    Spells: 36/56 levels left

rFire   . . .      SeeInvis +   j - +1 great mace of Exeheates {vorpal, rElec rN+ Str+5 Dex-5 SInv}
rCold   . . .      Faith    .   (shield currently unavailable)
rNeg    + + .      Spirit   .   a - +0 troll leather armour
rPois   ∞          Reflect  .   D - +1 helmet
rElec   +          Harm     .   (no cloak)
rCorr   .          Rampage  .   l - +1 pair of gloves
Will    +....      NoTele   +   k - +0 pair of boots
Stlth   ++++......              x - amulet of magic regeneration
HPRegen 1.03/turn               y - ring of magical power
MPRegen 0.71/turn               n - +3 ring of strength

@: flying
A: sickness immunity, AC +10, big wings, negative energy resistance 1,
electricity resistance, torment resistance 1, petrification resistance
a: Renounce Religion


You were in the Dungeon.
You worshipped Vehumet.
Vehumet was exalted by your worship.
You visited 1 branch You collected 1918 gold pieces.
You spent 1176 gold pieces at shops.

Inventory:

Hand Weapons
 j - the +1 great mace of Exeheates (weapon) {vorpal, rElec rN+ Str+5 Dex-5 SInv}
   (You found it in the Dungeon)

   It inflicts extra damage upon your enemies.
   Str:       It affects your strength (+5).
   Dex:       It affects your dexterity (-5).
   rElec:     It insulates you from electricity.
   rN:        It protects you from negative energy.
   SInv:      It lets you see invisible.
 G - a +2 double sword of holy wrath
Missiles
 w - a curare-tipped dart (quivered)
 F - 4 javelins
Armour
 a - a +0 troll leather armour (worn)
 k - a +0 pair of boots (worn)
 l - a +1 pair of gloves (worn)
 D - a +1 helmet (worn)
Jewellery
 m - a +2 ring of evasion
 n - a +3 ring of strength (right hand)
 x - an amulet of magic regeneration (around neck)
 y - a ring of magical power (left hand)
 z - a ring of resist corrosion
 A - a ring of willpower
 B - a +6 ring of intelligence
 C - a ring of protection from cold
Wands
 i - a wand of roots (1)
 v - a wand of mindburst (1)
 H - a wand of flame (18)
Scrolls
 e - a scroll of magic mapping
 f - a scroll of summoning
 g - 2 scrolls of amnesia
 p - 2 scrolls of fog
 q - 6 scrolls of enchant weapon
 r - 3 scrolls of enchant armour
 s - 2 scrolls of identify
 u - a scroll of fear
 E - a scroll of blinking
Potions
 b - 4 potions of magic
 c - 5 potions of curing
 d - a potion of invisibility
 h - 2 potions of might
 o - 2 potions of mutation
 t - 2 potions of haste


   Skills:
 + Level 7.2 Fighting
 + Level 5.3 Maces & Flails
 + Level 0.2 Throwing
 + Level 5.7 Armour
 + Level 7.3 Dodging
 + Level 10.2 Stealth
 + Level 5.6 Unarmed Combat
 + Level 21.6 Spellcasting
 + Level 9.8 Conjurations
 + Level 3.6 Transmutations
 + Level 25.7 Earth Magic
 + Level 3.0 Evocations


You had 36 spell levels left.
You knew the following spells:

 Your Spells              Type           Power      Damage    Failure   Level
a - Sandblast             Erth           100%       2d20      0%          1
b - Passwall              Tmut/Erth      59%        N/A       0%          2
c - Stone Arrow           Conj/Erth      100%       3d13      0%          3
d - Petrify               Tmut/Erth      71%        N/A       1%          4
e - Lee's Rapid Deconstr  Erth           46%        3d23*     0%          5
f - Fireball              Conj/Fire      21%        3d10      2%          5

Your spell library contained the following spells:

 Spells                   Type           Power      Damage    Failure   Level
 Shatter                  Erth           46%        3d35*     1%          9
 Fire Storm               Conj/Fire      21%        8d6       100%        9
 Polar Vortex             Ice            11%        N/A       100%        9


Dungeon Overview and Level Annotations

Branches:
Dungeon (1/1)

Altars:
Cheibriados
Dithmenos
Elyvilon
Fedhas
Gozag
Hepliaklqana
Kikubaaqudgha
Makhleb
Nemelex Xobeh
Okawaru
Qazlal
Ru
Sif Muna
Trog
Uskayaw
Vehumet
Wu Jian
Xom
Yredelemnul
Zin
The Shining One
Jiyva
Lugonu

Shops:
D :==*


Innate Abilities, Weirdness & Mutations

You are immune to sickness and miasma.
Your stone body is resilient. (AC +10)
You are immune to poison.
Your large and strong wings let you fly.
You resist negative energy. (rN+)
You are resistant to electric shocks. (rElec)
You are resistant to unholy torment.
You are immune to petrification.


Message History

The emperor scorpion claws you but does no damage.
The emperor scorpion barely misses you. The ghost moth stares at you.
You feel your power leaking away.
Throw: 3 darts (curare)
Press: ? - help, Q - select action, (/) - cycle Shift-Dir - straight line, f/p - emperor scorpion
Aim: an emperor scorpion (lightly wounded, 67% to hit)
You throw a curare-tipped dart.
The curare-tipped dart hits the emperor scorpion.
The emperor scorpion is lightly wounded.
The pharaoh ant waves its antennae.
The emperor scorpion stings you!
* * * LOW HITPOINT WARNING * * *
The emperor scorpion claws you.
* * * LOW HITPOINT WARNING * * *
The emperor scorpion claws you but does no damage.
The ghost moth stares at you.
Unknown command.
Throw: 2 darts (curare)
Press: ? - help, Q - select action, (/) - cycle Shift-Dir - straight line, f/p - emperor scorpion
Aim: an emperor scorpion (lightly wounded, 67% to hit)
You throw a curare-tipped dart.
The curare-tipped dart hits the emperor scorpion.
The emperor scorpion is lightly wounded.
The emperor scorpion stings you but does no damage.
The emperor scorpion closely misses you.
The emperor scorpion claws you.
* * * LOW HITPOINT WARNING * * *
Unknown command.
Okay, then.
Throw: dart (curare)
Press: ? - help, Q - select action, (/) - cycle Shift-Dir - straight line, f/p - emperor scorpion
Aim: an emperor scorpion (lightly wounded, 67% to hit)
Okay, then.
Aiming: Mindburst
Press: ? - help, Shift-Dir - straight line, f/p - emperor scorpion
Aim: an emperor scorpion (lightly wounded, chance to affect: 42%)
The emperor scorpion resists with some effort.
The emperor scorpion stings you!!
You die...

_▓.▓.▓.▓)▓.▓[▓.♣.♣
_▓.▓.▓)▓'▓.▓[▓.♣.♣
_▓.▓.▓.▓)▓.▓[▓.♣.♣
_▓.▓.▓.▓.▓.▓[▓.♣'♣
_▓.▓.▓.▓.▓.▓[▓.▓÷▓
_▓.▓.▓.▓.▓.▓.▓.▓y▓
_▓.▓.▓.▓.▓.▓)▓.▓B▓
_▓.▓'▓.▓.▓.▓)▓.▓s▓
_▓.▓.▓.▓.▓.▓)▓.▓@▓
_▓.▓.▓.▓.▓.▓)▓.▓.▓
_▓.▓.▓.▓.▓.▓)▓.▓.▓
_▓.▓.▓[▓(▓.▓)▓.▓.▓
'▓.▓.▓.▓[▓.▓)▓.▓)▓
.▓.▓.▓.▓[▓.▓)▓.▓'▓
.▓.▓)▓.▓[▓.▓.▓.▓.▓
.▓.▓.▓.▓(▓.▓.▓.▓.▓
.▓.▓.▓[▓[▓.▓.▓.▓.▓


You could see an emperor scorpion, a ghost moth (invisible) and a pharaoh ant.

Vanquished Creatures
  A nagaraja (D)
  An eleionoma (D)
  An entropy weaver (D)
  2 ettins (D)
  Josephine (D)
  2 fire dragons (D)
  2 rakshasas (D)
  2 ghost crabs (D)
  2 catoblepae (D)
  2 hydras (D)
  3 centaur warriors (D)
  Erica (D)
  2 anacondas (D)
  An alligator (D)
  4 death yaks (D)
  A two-headed ogre (D)
  2 deep troll shamans (D)
  11 orc high priests (D)
  Sonja (D)
  Urug (D)
  A goliath frog (D)
  2 pharaoh ants (D)
  A skeletal warrior (D)
  A swamp dragon (D)
  2 orc knights (D)
  A wolf spider (D)
  2 mana vipers (D)
  2 ugly things (D)
  A moth of wrath (D)
  An elephant (D)
  A naga mage (D)
  2 black mambas (D)
  5 cane toads (D)
  2 komodo dragons (D)
  A tyrant leech (D)
  2 trolls (D)
  6 wraiths (D)
  6 yaks (D)
  A vampire mosquito (D)
  A basilisk (D)
  A naga (D)
  2 water moccasins (D)
  A swamp drake (D)
  A black bear (D)
  9 orc warriors (D)
  2 wolves (D)
  3 bullfrogs (D)
  A necrophage (D)
  2 howler monkeys (D)
  A hound (D)
  6 orc priests (D)
  4 orc wizards (D)
  A worm (D)
  7 orcs (D)
  An endoplasm (D)
  A ball python (D)
  A ball python simulacrum (D)
  2 bats (D)
  A kobold (D)
131 creatures vanquished.

Vanquished Creatures (others)
  A vampire (D)
1 creature vanquished.

Grand Total: 132 creatures vanquished

Notes
Turn   | Place    | Note
-------+----------+-------------------------------------------
     0 | D        | mhtbhm the Gargoyle Earth Elementalist began the quest for
                  | the Orb.
     0 | D        | Reached XP level 1. HP: 10/10 MP: 3/3
     5 | D        | Reached skill level 4 in Earth Magic
    51 | D        | Noticed a black bear
    51 | D        | Noticed a hound
    51 | D        | Noticed a necrophage
    54 | D        | Reached XP level 2. HP: 7/15 MP: 1/5
    71 | D        | Killed a necrophage
    72 | D        | Reached skill level 1 in Unarmed Combat
    72 | D        | Reached skill level 7 in Earth Magic
    72 | D        | Reached XP level 3. HP: 16/20 MP: 1/8
    72 | D        | Reached XP level 4. HP: 19/24 MP: 1/10
    76 | D        | Reached skill level 1 in Fighting
    76 | D        | Reached skill level 1 in Transmutations
   304 | D        | Learned a level 2 spell: Passwall
   308 | D        | Learned a level 3 spell: Stone Arrow
   313 | D        | Learned a level 4 spell: Petrify
   319 | D        | Killed a black bear
   320 | D        | Reached skill level 5 in Spellcasting
   320 | D        | Reached skill level 9 in Earth Magic
   320 | D        | Reached XP level 5. HP: 30/30 MP: 5/12
   330 | D        | Found a snail-covered altar of Cheibriados.
   330 | D        | Found a shadowy altar of Dithmenos.
   330 | D        | Found a white marble altar of Elyvilon.
   330 | D        | Found a blossoming altar of Fedhas.
   330 | D        | Found an opulent altar of Gozag.
   331 | D        | Found a hazy altar of Hepliaklqana.
   332 | D        | Found a viscous altar of Jiyva.
   333 | D        | Found an ancient bone altar of Kikubaaqudgha.
   334 | D        | Found a corrupted altar of Lugonu.
   335 | D        | Found a burning altar of Makhleb.
   336 | D        | Found a sparkling altar of Nemelex Xobeh.
   337 | D        | Found an iron altar of Okawaru.
   338 | D        | Found a stormy altar of Qazlal.
   339 | D        | Found a sacrificial altar of Ru.
   346 | D        | Found a shimmering blue altar of Sif Muna.
   347 | D        | Found a bloodstained altar of Trog.
   348 | D        | Found a hide-covered altar of Uskayaw.
   349 | D        | Found a radiant altar of Vehumet.
   350 | D        | Found an ornate altar of the Wu Jian Council.
   351 | D        | Found a shimmering altar of Xom.
   352 | D        | Found a basalt altar of Yredelemnul.
   353 | D        | Found a glowing silver altar of Zin.
   354 | D        | Found a glowing golden altar of the Shining One.
   357 | D        | Became a worshipper of Vehumet
   397 | D        | Noticed a two-headed ogre
   397 | D        | Noticed a komodo dragon
   397 | D        | Noticed a troll
   397 | D        | Noticed a yak
   401 | D        | Killed a yak
   402 | D        | Reached skill level 10 in Earth Magic
   402 | D        | Reached XP level 6. HP: 15/36 MP: 8/15
   414 | D        | Killed a troll
   415 | D        | Reached skill level 1 in Maces & Flails
   415 | D        | Reached skill level 5 in Stealth
   415 | D        | Reached skill level 11 in Earth Magic
   415 | D        | Reached XP level 7. HP: 20/41 MP: 7/17
   416 | D        | Reached * piety under Vehumet
   416 | D        | Offered knowledge of Magic Dart by Vehumet.
   670 | D        | Killed a komodo dragon
   671 | D        | Reached skill level 5 in Dodging
   671 | D        | Reached skill level 5 in Unarmed Combat
   671 | D        | Reached XP level 8. HP: 48/48 MP: 12/20
   679 | D        | Killed a two-headed ogre
   679 | D        | Offered knowledge of Searing Ray by Vehumet.
   679 | D        | Reached ** piety under Vehumet
   680 | D        | Reached skill level 5 in Fighting
   680 | D        | Reached skill level 1 in Conjurations
   680 | D        | Reached skill level 12 in Earth Magic
   680 | D        | Reached skill level 1 in Evocations
   853 | D        | Noticed a centaur warrior
   853 | D        | Noticed a vampire
   853 | D        | Noticed a wraith
   853 | D        | Noticed a wraith
   853 | D        | Noticed a troll
   856 | D        | Killed a troll
   857 | D        | Reached skill level 13 in Earth Magic
   861 | D        | Killed a wraith
   862 | D        | Reached XP level 9. HP: 54/54 MP: 6/22
   863 | D        | Offered knowledge of Inner Flame by Vehumet.
   872 | D        | Killed a centaur warrior
   872 | D        | Reached *** piety under Vehumet
   873 | D        | Reached skill level 1 in Armour
   873 | D        | Reached skill level 10 in Spellcasting
   876 | D        | Reached skill level 14 in Earth Magic
  1084 | D        | Got the +1 great mace of Exeheates {vorpal, rElec rN+ Str+5
                  | Dex-5 SInv}
  1098 | D        | Noticed a cane toad
  1098 | D        | Noticed a cane toad
  1098 | D        | Noticed a komodo dragon
  1106 | D        | Killed a komodo dragon
  1106 | D        | Offered knowledge of Olgreb's Toxic Radiance by Vehumet.
  1231 | D        | Killed a cane toad
  1235 | D        | Killed a cane toad
  1235 | D        | Reached **** piety under Vehumet
  1236 | D        | Reached XP level 10. HP: 55/60 MP: 11/25
  1236 | D        | Offered knowledge of Ignite Poison by Vehumet.
  1241 | D        | Reached skill level 5 in Conjurations
  1241 | D        | Reached skill level 15 in Earth Magic
  1373 | D        | Noticed a cane toad
  1541 | D        | Killed a cane toad
  1541 | D        | Reached ***** piety under Vehumet
  1541 | D        | Offered knowledge of Iskenderun's Mystic Blast by Vehumet.
  1559 | D        | Noticed an elephant
  1559 | D        | Noticed a cane toad
  1559 | D        | Noticed a catoblepas
  1563 | D        | Noticed a cane toad
  1565 | D        | Killed a catoblepas
  1769 | D        | Killed a cane toad
  1995 | D        | Killed an elephant
  1996 | D        | Reached skill level 16 in Earth Magic
  2011 | D        | Killed a cane toad
  2076 | D        | Offered knowledge of Conjure Ball Lightning by Vehumet.
  2165 | D        | Noticed a death yak
  2165 | D        | Noticed a death yak
  2165 | D        | Noticed a catoblepas
  2170 | D        | Noticed a death yak
  2171 | D        | Killed a catoblepas
  2172 | D        | Reached XP level 11. HP: 40/64 MP: 21/28
  2172 | D        | Noticed a death yak
  2320 | D        | Killed a death yak
  2321 | D        | Reached skill level 17 in Earth Magic
  2578 | D        | Killed a death yak
  2683 | D        | Killed a death yak
  2690 | D        | Killed a death yak
  2694 | D        | Offered knowledge of Lee's Rapid Deconstruction by Vehumet.
  3007 | D        | Noticed Sonja
  3019 | D        | Killed Sonja
  3020 | D        | Reached skill level 10 in Stealth
  3020 | D        | Reached skill level 18 in Earth Magic
  3037 | D        | Noticed Erica
  3070 | D        | HP: 3/66 [Erica/+3 scimitar of flaming (12)]
  3070 | D        | HP: 1/66 [Erica/+3 scimitar of flaming (2)]
  3071 | D        | Killed Erica
  3072 | D        | Reached skill level 5 in Armour
  3359 | D        | Learned a level 5 spell: Lee's Rapid Deconstruction
  3376 | D        | Offered knowledge of Iskenderun's Battlesphere by Vehumet.
  3597 | D        | Noticed an orc knight
  3609 | D        | Killed an orc knight
  3610 | D        | Offered knowledge of Ozocubu's Refrigeration by Vehumet.
  3743 | D        | Upgraded the game from 0.29-a0-821-g66395355a5 to
                  | 0.29-a0-823-gc37b1572da
  3779 | D        | Noticed an orc high priest
  3827 | D        | Killed an orc high priest
  3828 | D        | Reached skill level 15 in Spellcasting
  3870 | D        | Noticed an orc knight
  4073 | D        | HP: 2/66 [orc knight/+0 long sword (12)]
  4079 | D        | Killed an orc knight
  4080 | D        | Reached skill level 19 in Earth Magic
  4449 | D        | Reached ****** piety under Vehumet
  4478 | D        | Offered knowledge of Fireball by Vehumet.
  4479 | D        | Reached XP level 12. HP: 71/71 MP: 12/31
  4485 | D        | Learned a level 5 spell: Fireball
  4688 | D        | Found Isagriex's General Store.
  4688 | D        | Noticed an orc high priest
  4688 | D        | Noticed an orc high priest
  4688 | D        | Noticed an orc high priest
  4688 | D        | Noticed an orc high priest
  4689 | D        | Killed an orc high priest
  4690 | D        | Noticed an orc high priest
  4691 | D        | Killed an orc high priest
  4692 | D        | Killed an orc high priest
  4692 | D        | Killed an orc high priest
  4693 | D        | Reached skill level 20 in Earth Magic
  4694 | D        | Killed an orc high priest
  4695 | D        | Offered knowledge of Orb of Destruction by Vehumet.
  4695 | D        | Noticed an orc high priest
  4697 | D        | Killed an orc high priest
  4697 | D        | Noticed an orc high priest
  4702 | D        | Noticed an orc high priest
  4704 | D        | Killed an orc high priest
  4709 | D        | Killed an orc high priest
  4710 | D        | Reached skill level 21 in Earth Magic
  4903 | D        | Noticed an orc high priest
  4905 | D        | Killed an orc high priest
  4907 | D        | Noticed an orc high priest
  4909 | D        | Killed an orc high priest
  4909 | D        | Offered knowledge of Fire Storm by Vehumet.
  4909 | D        | Offered knowledge of Shatter by Vehumet.
  4909 | D        | Offered knowledge of Polar Vortex by Vehumet.
  4994 | D        | Found Doskauri's Jewellery Shop.
  4998 | D        | Found Lutzaure's Jewellery Boutique.
  5002 | D        | Found Ywebugg's Book Shop.
  5022 | D        | Bought a potion of magic for 112 gold pieces
  5026 | D        | Bought a scroll of magic mapping for 49 gold pieces
  5032 | D        | Bought an amulet of magic regeneration for 390 gold pieces
  5043 | D        | Bought a scroll of enchant armour for 105 gold pieces
  5047 | D        | Bought a ring of magical power for 260 gold pieces
  5047 | D        | Bought a ring of resist corrosion for 260 gold pieces
  5245 | D        | Noticed Josephine
  5249 | D        | Killed Josephine
  5399 | D        | Noticed a fire dragon
  5399 | D        | Noticed a centaur warrior
  5399 | D        | Noticed a seven-headed hydra
  5401 | D        | Killed a seven-headed hydra
  5403 | D        | Killed a centaur warrior
  5404 | D        | Reached skill level 22 in Earth Magic
  5404 | D        | Noticed a centaur warrior
  5530 | D        | Noticed a rakshasa
  5531 | D        | Killed a centaur warrior
  5532 | D        | Reached XP level 13. HP: 76/76 MP: 35/35
  5534 | D        | Killed a fire dragon
  5544 | D        | Noticed a fire dragon
  5546 | D        | Reached skill level 23 in Earth Magic
  5546 | D        | Killed a rakshasa
  5546 | D        | Noticed an ettin
  5552 | D        | Killed a fire dragon
  5553 | D        | Killed an ettin
  5555 | D        | Noticed a rakshasa
  5572 | D        | Killed a rakshasa
  5663 | D        | Noticed an ettin
  5667 | D        | Killed an ettin
  5706 | D        | Noticed Urug
  5708 | D        | Killed Urug
  5803 | D        | Reached skill level 24 in Earth Magic
  5808 | D        | Noticed a nagaraja
  5812 | D        | Killed a nagaraja
  5875 | D        | Noticed an eleionoma
  5885 | D        | Reached skill level 25 in Earth Magic
  5887 | D        | Killed an eleionoma
  6066 | D        | Noticed an emperor scorpion
  6066 | D        | Noticed an entropy weaver
  6069 | D        | Reached skill level 5 in Maces & Flails
  6069 | D        | Killed an entropy weaver
  6071 | D        | Gained mutation: Your large and strong wings let you fly.
                  | [Gargoyle growth]
  6071 | D        | Reached XP level 14. HP: 55/82 MP: 39/39
  6099 | D        | Noticed a ghost moth
  6291 | D        | Slain by an emperor scorpion

Illustrated notes

Levels and vault maps discovered:
D:        linesprint [early_d, line_temple, items_1, d_10, items_2, lair_1,
          lair_end, items_3, orc_1, orc_end, items_4, d_15, swamp_1, shoals_1,
          snake_1, spider_1, d_20, vaults_1, items_5, swamp_end, shoals_end,
          snake_end, spider_end, vaults_end, d_27, items_6, zot_1, zot_end,
          crypt_end, forest_end, elf_end, slime_end, tomb_end, abyss_end,
          pan_hell_end]

Skill      XL: |  1  2  3  4  5  6  7  8  9 10 11 12 13 |
---------------+----------------------------------------+-----
Earth Magic    | 4 7 9 10 11 13 14 16 19 22 25 | 25.7
Dodging        | 2 3 4 5 6 7 |  7.3
Unarmed Combat | 1 3 4 5 |  5.6
Spellcasting   | 4 5 6 7 8 9 11 13 15 18 21 | 21.6
Fighting       | 1 2 3 4 5 6 7 |  7.2
Stealth        | 3 5 6 8 9 10 | 10.2
Transmutations | 1 2 3 |  3.6
Maces & Flails | 1 2 3 4 5 |  5.3
Conjurations   | 2 4 7 9 |  9.8
Evocations     | 1 2 3 |  3.0
Armour         | 2 4 5 |  5.7
Throwing       | |  0.2

Action                   |  1- 3 |  4- 6 |  7- 9 | 10-12 | 13-15 || total
-------------------------+-------+-------+-------+-------+-------++-------
Melee: Unarmed           |    19 |     3 |       |       |       ||    22
       Dire flail        |       |     6 |       |       |       ||     6
       Great mace        |       |       |       |    37 |     5 ||    42
Throw: Dart              |       |       |       |     3 |     3 ||     6
 Cast: Sandblast         |     7 |     7 |    17 |    25 |     1 ||    57
       Stone Arrow       |       |     2 |    22 |    71 |     1 ||    96
       Petrify           |       |     1 |     4 |     5 |    10 ||    20
       Lee's Rapid Decon |       |       |       |    83 |    61 ||   144
Evoke: Wand              |       |       |     2 |    10 |     3 ||    15
  Use: Potion            |     2 |       |     5 |     4 |       ||    11
       Scroll            |       |     2 |       |     1 |       ||     3
 Stab: Petrified         |       |     6 |       |     2 |       ||     8
       Sleeping          |       |       |       |     1 |       ||     1
Armor: Robe              |     8 |     4 |     3 |       |       ||    15
       Troll leather arm |       |       |    10 |    41 |    34 ||    85
Dodge: Dodged            |     9 |     8 |    33 |    71 |    21 ||   142

Table legend: (Time is in decaauts)
 A = Elapsed time spent in this place.
 B = Non-inter-level travel time spent in this place.
 C = Inter-level travel time spent in this place.
 D = Time resting spent in this place.
 E = Time spent auto-exploring this place.
 F = Levels seen in this place.
 G = Mean time per level.
                   A        B        C        D        E       F      G
               +--------+--------+--------+--------+--------+-----+--------+
         Total |   6352 |   6352 |      0 |   2968 |   1737 |   1 | 6352.0 |
       Dungeon |   6352 |   6352 |      0 |   2968 |   1737 |   1 | 6352.0 |
               +--------+--------+--------+--------+--------+-----+--------+

Top non-repeatable levels by time:
       D: 6352 daAuts
